 Dungeon Crawl Stone Soup version 0.29-a0-270-g1586fc07ea (webtiles) character file.

Game seed: 15932171074391102080

267 croobank the Skirmisher (level 6, -1/56 HPs)
             Began as a Hill Orc Fighter on Mar 7, 2022.
             Was an Initiate of Beogh.
             Killed by nerve-wracking pain
             ... invoked by an orc priest
              (8 damage)
             ... on level 4 of the Dungeon.
             The game lasted 00:08:13 (2954 turns).

croobank the Skirmisher (Hill Orc Fighter)          Turns: 2954, Time: 00:08:14

Health: -1/56      AC:  9    Str: 21    XL:     6   Next: 21%
Magic:  15/15      EV:  9    Int:  8    God:    Beogh [......]
Gold:   172        SH:  4    Dex: 10    Spells: 5/5 levels left

rFire   . . .      SeeInvis .   a - +0 war axe
rCold   . . .      Faith    .   c - +0 buckler
rNeg    . . .      Spirit   .   m - +0 scale mail
rPois   .          Reflect  .   (no helmet)
rElec   .          Harm     .   (no cloak)
rCorr   .          Rampage  .   (no gloves)
Will    .....                   r - +1 pair of boots
Stlth   ..........              (no amulet)
HPRegen 0.18/turn               j - ring of magical power
MPRegen 0.14/turn               (no ring)

@: no status effects
A: no striking features
a: Renounce Religion


You were on level 4 of the Dungeon.
You worshipped Beogh.
Beogh was noncommittal.
You visited 1 branch of the dungeon, and saw 4 of its levels.

You collected 172 gold pieces.

Inventory:

Hand Weapons
 a - a +0 war axe (weapon)
 b - a +0 hunting sling
Missiles
 h - 150 stones (quivered)
 q - 2 poisoned darts
Armour
 c - a +0 buckler (worn)
 e - a +0 plate armour
 m - a +0 scale mail (worn)
 r - a +1 pair of boots (worn)
Jewellery
 j - a ring of magical power (left hand)
Scrolls
 l - a scroll of magic mapping
 n - 4 scrolls of teleportation {unknown}
 p - a scroll of identify
Potions
 f - a potion of attraction {unknown}
 g - a potion of haste {unknown}
 i - 2 potions of lignification {unknown}
 o - a potion of ambrosia {unknown}
 s - a potion of heal wounds {unknown}


   Skills:
 + Level 5.1 Fighting
 + Level 4.7 Axes
 + Level 4.7 Armour
 + Level 4.6 Shields


You had 5 spell levels left.
You didn't know any spells.
Your spell library contained the following spells:

 Spells                   Type           Power      Damage    Failure   Level
 Animate Skeleton         Necr           0%         N/A       83%         1
 Apportation              Tloc           0%         N/A       83%         1
 Freeze                   Ice            0%         1d3       83%         1
 Summon Small Mammal      Summ           0%         N/A       83%         1
 Frozen Ramparts          Ice            0%         1d2       99%         3
 Hailstorm                Conj/Ice       0%         3d3       100%        4


Dungeon Overview and Level Annotations

Branches:
Dungeon (4/15)
 Temple: D:4-7

Altars:
Ashenzari
Ru

Shops:
D:1 =


Message History

An orc comes into view. It is wielding a +0 hand axe.
The jackal bites you but does no damage.
The orc priest hits something with a +0 trident.
Something hits the orc priest.
The jackal bites you but does no damage.
You closely miss the jackal.
The orc priest closely misses something.
You block the jackal's attack.
Something barely misses the orc priest.
Something bites the orc priest but does no damage.
You slash the jackal!
You kill the jackal!
Beogh accepts your kill.
The orc priest barely misses something.
Something barely misses the orc priest.
The orc priest barely misses something.
An orc priest comes into view. It is wielding a +0 hand axe.
An orc priest is nearby!
A jackal comes into view.
You see here a +0 flail.
Found a stone staircase leading up.
An adder comes into view.
The adder hisses angrily.
The adder misses you.
The orc priest mumbles some strange prayers to Beogh against you.
Pain shoots through your body!
You slash the adder!
You kill the adder!
Beogh accepts your kill.
The orc priest calls down the wrath of Beogh upon you.
Beogh smites you!
* * * LOW HITPOINT WARNING * * *
You slash the orc priest!
The orc priest is severely wounded.
The orc priest hits you with a +0 hand axe.
* * * LOW HITPOINT WARNING * * *
You hit the orc priest.
The orc priest is almost dead.
The orc priest mumbles some strange prayers to Beogh against you.
Pain shoots through your body!
You die...
Beogh appreciates the orc priest's killing of a heretic priest.

.. #....... o
####..######....... )o#
#.#.........h......
...o#.... .............
........# ####......... .
........###......#.....
.<. #............###.....
.....########.....####....
.........@o.)..o...##.....
..############...#........
.....####..... .........
.... #+#....### ....
+....# .... #..### #...
####


You could see an orc priest and a neutral orc priest (wandering).

Vanquished Creatures
  A phantom (D:2)
  A scorpion (D:4)
  A hound (D:4)
  3 adders
  3 worms
  2 dart slugs (D:1)
  7 ball pythons
  7 endoplasms
  6 giant cockroaches
  8 hobgoblins
  3 jackals
  4 kobolds
  7 bats
  A frilled lizard (D:2)
  5 goblins
  4 rats
63 creatures vanquished.

Vanquished Creatures (others)
  An orc (D:4)
  13 plants
14 creatures vanquished.

Grand Total: 77 creatures vanquished

Notes
Turn   | Place    | Note
-------+----------+-------------------------------------------
     0 | D:1      | croobank the Hill Orc Fighter began the quest for the Orb.
     0 | D:1      | Reached XP level 1. HP: 19/19 MP: 1/1
    34 | D:1      | Found Qoimeck's Jewellery Shoppe.
   112 | D:1      | Reached XP level 2. HP: 19/27 MP: 2/2
   415 | D:1      | Reached skill level 4 in Fighting
   496 | D:1      | Reached XP level 3. HP: 33/33 MP: 3/3
  1218 | D:2      | Noticed a phantom
  1267 | D:2      | Found a faded altar of an unknown god.
  1698 | D:2      | Killed a phantom
  1699 | D:2      | Reached XP level 4. HP: 27/41 MP: 4/4
  1699 | D:2      | Reached XP level 5. HP: 31/47 MP: 5/5
  2075 | D:3      | Found a sacrificial altar of Ru.
  2075 | D:3      | Found a broken altar of Ashenzari.
  2854 | D:4      | Reached skill level 5 in Fighting
  2854 | D:4      | Reached XP level 6. HP: 8/56 MP: 6/6
  2934 | D:4      | Became a worshipper of Beogh the Brigand
  2954 | D:4      | Killed from afar by an orc priest

Illustrated notes

Levels and vault maps discovered:
D:1:      amcnicky_arrival_flooded_fountain, layout_loops_ring, serial_shops,
          nicolae_shop_waterfront, minmay_heptomino_d4
D:2:      minmay_evil_eye, layout_loops_corners,
          dilly_ecumenical_altar_fadedgnrine
D:3:      layout_basic, mainiacjoe_overflow_large_starburst
D:4:      cheibrodos_old_hovel, layout_rooms, serial_shops,
          kennysheep_mini_moat, minmay_pentangle

Skill      XL: |  1  2  3  4  5 |
---------------+----------------+-----
Axes           | 3 4 |  4.7
Fighting       | 4 5 |  5.1
Armour         | 4 |  4.7
Shields        | 4 |  4.6

Action                   |  1- 3 |  4- 6 || total
-------------------------+-------+-------++-------
Melee: War axe           |   122 |    83 ||   205
Invok: Convert to Beogh  |       |     1 ||     1
  Use: Scroll            |     6 |       ||     6
       Potion            |       |     3 ||     3
Armor: Scale mail        |    59 |    43 ||   102
Dodge: Dodged            |    60 |    39 ||    99
Block: Buckler           |    21 |    13 ||    34

Table legend: (Time is in decaauts)
 A = Elapsed time spent in this place.
 B = Non-inter-level travel time spent in this place.
 C = Inter-level travel time spent in this place.
 D = Time resting spent in this place.
 E = Time spent auto-exploring this place.
 F = Levels seen in this place.
 G = Mean time per level.
                   A        B        C        D        E       F      G
               +--------+--------+--------+--------+--------+-----+--------+
         Total |   3027 |   2943 |     84 |     72 |   2092 |   4 |  756.8 |
       Dungeon |   3027 |   2943 |     84 |     72 |   2092 |   4 |  756.8 |
               +--------+--------+--------+--------+--------+-----+--------+

Top non-repeatable levels by time:
     D:2: 1051 daAuts
     D:1: 892 daAuts
     D:3: 762 daAuts
     D:4: 320 daAuts
